AoeStats
← Iamak3186

Enclosed

504265720Analyzed
1v1 RM · 29d ago on Sep 4, 2026· 50m 49s· 2 players
Game mode
Random Map
Map size
Tiny (2 player)
Population
200
Speed
Normal
Resources
Standard
Victory
Conquest
Starting age
Dark Age
Ending age
Imperial Age
RankedLock teamsTeams togetherTeam positionsShared explorationLock speedFull tech treeHidden civsTurbo modeCheats
Victory
Defeat
🇨🇱 Franks · Chile
1316
+14
🇮🇳 Mongols · India
1280
-14
RyKer
0:34 Loom
13:35 Feudal Age
17:12 Fletching
21:45 Castle Age
20:11 Stone Mining
20:13 Gold Mining
20:24 Double-Bit Axe
22:58 Bow Saw
23:27 Wheelbarrow
22:38 Town Watch
32:01 Gold Shaft Mining
34:42 Imperial Age
33:41 Ballistics
36:54 Chemistry
37:00 Pikeman
37:41 Squires
37:43 Scale Mail Armor
37:53 Forging
39:04 Heavy Scorpion
39:50 Bodkin Arrow
42:22 Siege Engineers
43:27 Masonry
43:12 Murder Holes
43:27 Town Patrol
45:17 Hand Cart
45:20 Chain Mail Armor
46:41 Plate Mail Armor
46:46 Iron Casting
46:20 Halberdier
Iamak3186
9:14 Feudal Age
10:12 Double-Bit Axe
10:15 Man-at-Arms
13:45 Horse Collar
17:05 Fletching
20:05 Wheelbarrow
20:07 Loom
22:40 Castle Age
22:23 Loom
23:33 Bloodlines
23:31 Scale Barding Armor
23:24 Bodkin Arrow
23:47 Bow Saw
24:23 Gold Mining
26:15 Light Cavalry
27:17 Chain Barding Armor
27:28 Heavy Plow
29:48 Town Watch
30:18 Hand Cart
37:46 Imperial Age
39:51 Bracer
39:15 Heavy Cavalry Archer
42:06 Conscription
41:47 Padded Archer Armor
42:52 Thumb Ring
43:50 Ballistics
44:31 Chemistry
44:27 Hoardings
44:24 Leather Archer Armor
44:36 Parthian Tactics
44:33 Husbandry
45:56 Forging
46:09 Heavy Camel Rider
47:26 Iron Casting
46:46 Hussar
Connection lost

Rejoining the realm…

Still unreachable

The connection could not be restored.

Session expired

The server has moved on; the page needs a fresh start.